Map: Acid Plant LE

Players

Cham - Winner!

  • Race: Zerg Zerg
  • Spawn Location: 11:00

Wilo

  • Race: Zerg Zerg
  • Spawn Location: 5:00

Event: WCS Montreal 2018

VOD

Have the link to the VOD?

Description

Time

  • Played on: Sept. 7, 2018, 4:41 p.m.
  • Length: 8:55

All games in this series

Show
View Real Time Build Order
Export as new Build Order

Cham Zerg - Winner!

Build Orders: Hatch First 

Get SALT Encoding   

  12  0:00  Drone  
  13  0:08  Drone  
  14  0:16  Overlord  
  14  0:35  Drone  
  15  0:37  Drone  
  15  0:39  Drone  
  17  0:51  Hatchery  
  17  0:55  Drone  
  17  0:58  Drone  
  17  1:02  Extractor  
  17  1:14  Spawning Pool  
  17  1:16  Drone  
  17  1:20  Drone  
  18  1:30  Drone  
  19  1:45  Overlord  
  19  2:01  Queen  
  19  2:02  Metabolic Boost  
  19  2:03  Queen  
  19  2:07  Drone, Zergling x2  
  25  2:09  Drone  
  25  2:13  Drone  
  27  2:17  Drone  
  28  2:24  Drone  
  28  2:26  Drone  
  30  2:40  Hatchery  
  29  2:47  Baneling Nest, Drone  
  29  2:50  Overlord  
  29  2:55  Drone  
  29  2:57  Zergling x2  
  31  2:59  Zergling x2  
  31  3:05  Zergling x2  
  32  3:12  Zergling x8  
  36  3:13  Zergling x2  
  36  3:16  Zergling x2  
  39  3:20  Zergling x4  
  39  3:22  Zergling x2  
  39  3:23  Zergling x2  
  43  3:34  Zergling x2  
  43  3:35  Overlord  
  43  3:40  Evolution Chamber  
  43  3:42  Overlord, Drone  
  44  3:53  Drone x3  
  44  3:54  Drone x3  
  44  4:08  Zerg Missile Weapons Level 1, Roach Warren  
  40  4:10  Drone  
  40  4:11  Drone  
  40  4:13  Extractor x2  
  40  4:14  Drone  
  41  4:19  Zergling x4  
  41  4:20  Zergling x2  
  41  4:21  Zergling x2  
  45  4:27  Zergling x4  
  45  4:28  Zergling x2  
  48  4:32  Zergling x4  
  48  4:33  Zergling x2  
  48  4:36  Zergling x2  
  52  4:40  Overlord  
  52  4:41  Drone  
  52  4:44  Zergling x2  
  52  4:45  Zergling x2  
  55  4:49  Drone x2  
  57  4:56  Drone  
  58  5:00  Drone  
  58  5:02  Drone x2  
  58  5:03  Drone x2  
  58  5:05  Drone  
  62  5:07  Overlord  
  62  5:08  Drone  
  62  5:09  Drone  
  64  5:16  Lair  
  64  5:20  Drone x2  
  65  5:22  Drone  
  65  5:28  Drone x3  
  68  5:34  Roach x2  
  71  5:38  Roach  
  71  5:42  Roach x2  
  67  5:45  Roach x3  
  67  5:49  Roach  
  72  5:53  Roach  
  74  5:57  Spine Crawler, Roach  
  74  5:59  Roach  
  74  6:03  Roach  
  78  6:05  Roach  
  78  6:09  Unknown  
  80  6:11  Overlord  
  80  6:12  Overlord  
  80  6:13  Zerg Missile Weapons Level 2, Glial Reconstitution  
  80  6:19  Drone  
  80  6:20  Overlord  
  81  6:32  Zergling x2  
  82  6:33  Zergling x16  
  82  6:39  Drone x2  
  92  6:42  Queen  
  92  6:44  Overlord  
  92  6:45  Overlord  
  94  6:48  Drone x2  
  94  6:49  Drone  
  94  6:50  Drone x2  
  99  6:55  Drone  
  99  6:56  Overlord  
  99  6:58  Drone  
  101  7:02  Extractor x2  
  101  7:06  Overlord  
  101  7:07  Drone x2  
  101  7:16  Roach  
  101  7:18  Overlord, Roach x2  
  101  7:20  Roach x2  
  111  7:25  Ravager x5  
  111  7:26  Overlord x2  
  111  7:27  Roach  
  111  7:29  Roach  
  120  7:30  Roach  
  120  7:37  Roach  
  122  7:40  Roach x2  
  122  7:42  Overlord  
  126  7:49  Roach  
  126  7:50  Roach x3  
  134  7:55  Roach x2  
  135  8:00  Roach x2  
  135  8:01  Roach x4  
  142  8:06  Hatchery  
  142  8:07  Roach  
  142  8:09  Roach  
  135  8:13  Roach  
  135  8:16  Roach  
  135  8:19  Roach  
  135  8:20  Roach  
  135  8:23  Overlord  
  137  8:27  Overlord  
  137  8:28  Roach x2  
  137  8:30  Roach  
  141  8:34  Roach  
  141  8:35  Roach  
Show
View Real Time Build Order
Export as new Build Order

Wilo Zerg 

Build Orders: Hatch First 

Get SALT Encoding   

  12  0:00  Drone  
  13  0:12  Overlord  
  13  0:17  Drone  
  14  0:30  Drone x2  
  16  0:49  Hatchery  
  15  0:52  Drone  
  15  0:55  Drone  
  17  0:59  Drone  
  18  1:04  Extractor  
  17  1:14  Spawning Pool  
  17  1:17  Drone  
  17  1:20  Drone  
  18  1:29  Drone  
  19  1:38  Drone  
  20  1:49  Overlord  
  20  2:01  Drone x2, Queen  
  20  2:02  Queen  
  26  2:11  Zergling x2  
  27  2:18  Drone  
  27  2:22  Drone  
  29  2:24  Drone  
  30  2:32  Drone  
  31  2:37  Queen x2  
  31  2:38  Evolution Chamber  
  34  2:45  Drone x2  
  34  2:47  Overlord  
  36  2:57  Metabolic Boost  
  36  3:06  Zerg Missile Weapons Level 1  
  36  3:08  Drone x4  
  36  3:12  Drone x4  
  43  3:20  Roach Warren  
  43  3:26  Overlord  
  42  3:28  Drone  
  43  3:35  Drone  
  43  3:41  Evolution Chamber  
  43  3:42  Evolution Chamber  
  43  3:44  Zergling x10  
  47  3:48  Spine Crawler  
  47  3:55  Zergling x8  
  50  3:59  Zergling x4  
  52  4:08  Queen  
  52  4:11  Overlord x2  
  52  4:17  Evolution Chamber  
  52  4:21  Overlord  
  52  4:22  Overlord  
  52  4:25  Lair  
  52  4:32  Extractor  
  52  4:34  Extractor  
  52  4:35  Drone x5  
  55  4:44  Drone  
  56  4:52  Drone x2  
  56  5:03  Zerg Ground Armor Level 1  
  56  5:05  Roach x3  
  62  5:12  Overlord  
  62  5:13  Zergling x4  
  63  5:20  Roach  
  63  5:21  Roach  
  63  5:38  Roach x2  
  63  5:39  Queen x2  
  63  5:41  Roach  
  63  5:42  Glial Reconstitution  
  67  5:46  Roach  
  67  5:52  Extractor  
  67  5:53  Overseer  
  67  5:55  Drone x4  
  70  6:00  Hatchery  
  70  6:01  Drone  
  66  6:11  Drone  
  67  6:18  Zerg Missile Weapons Level 2  
  67  6:20  Roach  
  67  6:21  Roach  
  71  6:26  Roach x4  
  79  6:33  Roach  
  79  6:38  Overlord  
  79  6:40  Queen x2  
  79  6:45  Roach x2  
  87  6:51  Overlord x2  
  85  6:54  Roach  
  85  7:01  Roach  
  85  7:02  Roach  
  89  7:09  Roach x2  
  89  7:12  Ravager x5  
  89  7:13  Roach  
  101  7:15  Drone x2  
  101  7:16  Drone  
  103  7:25  Drone  
  103  7:26  Drone x2  
  106  7:40  Roach x5  
  106  7:41  Roach x3  
  122  7:48  Overlord x2  
  122  7:49  Overlord  
  108  8:07  Roach x4  
  108  8:08  Roach x2  
  108  8:12  Roach x4  
  115  8:18  Roach x4  
  107  8:26  Roach  
  101  8:30  Roach x4  
Tags
 
Add a new tag
Caveats
  • Supply blocks, unpowered buildings, or Contaminate may cause inaccurate times.
  • Supply counts are checked every 10 seconds.